[Event "Titled Tuesday Blitz August 09 Early 2022"]
[White "Ferreira, Vitor Hugo Vieira"]
[Black "Gubanov, Oleg"]
[WhiteFideId "2119765"]
[BlackFideId "14115115"]
[WhiteElo "2168"]
[BlackElo "2080"]
[Result "1-0"]
[Round "07"]
[TimeControl "180+1"]
[Date "2022.08.09"]
[WhiteClock "0:00:19"]
[BlackClock "0:00:10"]

1. d4 b5 2. e4 Bb7 3. Bxb5 Bxe4 4. Nf3 Nf6 5. Nc3 Bg6 6. Ne5 e6 7. Nxg6 hxg6 8. O-O c6 9. Bd3 Qc7 10. h3 Bd6 11. Bg5 Bf4 12. Bxf6 gxf6 13. Qf3 g5 14. g3 Bd6 15. Qxf6 Rxh3 16. Kg2 Rh5 17. Rh1 Rxh1 18. Rxh1 Bf8 19. Bg6 fxg6 20. Rh7 Qd6 21. Ne4 Qd5 22. Qf7+ Kd8 23. Qxf8+ Kc7 24. f3 Qxd4 25. Rh8 g4 26. c3 Qd3 27. Qc8+ Kb6 28. Qd8+ Kb5 29. a4+ Kc4 30. b3+ Kd5 31. Nf6+ Kd6 32. Qf8+ Kc7 33. Qc8+ Kb6 34. a5+ Kxa5 35. b4+ Ka4 36. Nxg4 Qe2+ 37. Nf2 Qd2 38. Qb7 Qxc3 39. Rh4 Na6 40. b5+ Ka5 41. Qxa6# 1-0


[Site "https://www.chess.com"]

[Event "Titled Tuesday Blitz August 09 Early 2022"]
[White "Gabdrakhmanov, Azat"]
[Black "Samarth, J Rao"]
[WhiteFideId "34189197"]
[BlackFideId "46652370"]
[WhiteElo "2293"]
[BlackElo "1514"]
[Result "0-1"]
[Round "07"]
[TimeControl "180+1"]
[Date "2022.08.09"]
[WhiteClock "0:01:29"]
[BlackClock "0:00:21"]

1. e4 c5 2. Nf3 d6 3. d4 cxd4 4. Nxd4 Nf6 5. Nc3 a6 6. Be3 e5 7. Nb3 Be7 8. f3 Be6 9. Qd2 h5 10. O-O-O Nbd7 11. Kb1 b5 12. Nd5 Bxd5 13. exd5 Nb6 14. Bxb6 Qxb6 15. Na5 Rc8 16. Nc6 Rxc6 17. dxc6 Qxc6 18. Bd3 O-O 19. Rhg1 d5 20. Qe3 e4 21. fxe4 dxe4 22. Be2 Bc5 23. Qc3 Nd5 24. Rxd5 Qxd5 25. Rd1 Qf5 26. Rf1 Qg5 27. g3 g6 28. h4 Qe3 29. Qe1 Rd8 30. a4 Rd2 31. axb5 Rxe2 32. Qa5 Qd2 33. Qxd2 Rxd2 34. bxa6 e3 35. Re1 e2 36. Ka2 Bf2 37. a7 Bxa7 38. Kb3 Bf2 0-1


[Site "https://www.chess.com"]

[Event "Titled Tuesday Blitz August 09 Early 2022"]
[White "Gareyev, Timur"]
[Black "Madaminov, Mukhiddin"]
[WhiteFideId "14200937"]
[BlackFideId "14210703"]
[WhiteElo "2528"]
[BlackElo "2011"]
[Result "1-0"]
[Round "07"]
[TimeControl "180+1"]
[Date "2022.08.09"]
[WhiteClock "0:00:12"]
[BlackClock "0:00:01"]

1. f4 Nf6 2. b3 g6 3. Bb2 Bg7 4. e4 d6 5. Nf3 O-O 6. Qe2 c5 7. g3 Nc6 8. Bg2 Rb8 9. Na3 Bg4 10. Nc4 Nd4 11. Bxd4 cxd4 12. e5 Nd7 13. exd6 exd6 14. O-O b5 15. Nb2 Nc5 16. d3 Qa5 17. Qd2 Qc3 18. Qxc3 dxc3 19. Nd1 Bxf3 20. Bxf3 Bd4+ 21. Nf2 Rfe8 22. Rae1 f5 23. Kg2 Kf7 24. Bd5+ Kf6 25. b4 Na6 26. a3 Nc7 27. Bb3 a6 28. g4 d5 29. Kf3 Bb6 30. Nd1 Ne6 31. Nxc3 Nd4+ 32. Kg3 Kg7 33. Nxd5 Ne2+ 34. Kf3 Nd4+ 35. Kg3 Ne2+ 36. Kh4 Bd8+ 37. g5 Rc8 38. Rf2 Nxf4 39. Rxe8 1-0


[Site "https://www.chess.com"]

[Event "Titled Tuesday Blitz August 09 Early 2022"]
[White "Garriga Cazorla, Pere"]
[Black "Wieczorek, Oskar"]
[WhiteFideId "32011601"]
[BlackFideId "1133950"]
[WhiteElo "2365"]
[BlackElo "2302"]
[Result "1-0"]
[Round "07"]
[TimeControl "180+1"]
[Date "2022.08.09"]
[WhiteClock "0:01:32"]
[BlackClock "0:00:01"]

1. d4 Nf6 2. c4 c5 3. d5 g6 4. Nc3 d6 5. e4 Bg7 6. h3 O-O 7. Bd3 e6 8. Nf3 Na6 9. O-O Nc7 10. Bg5 h6 11. Be3 exd5 12. exd5 b5 13. cxb5 Ncxd5 14. Nxd5 Nxd5 15. Bd2 Bb7 16. a4 Rc8 17. Re1 Kh7 18. Rb1 c4 19. Be4 Re8 20. Bxd5 Bxd5 21. Bc3 Rxe1+ 22. Nxe1 Be4 23. Rc1 d5 24. Bxg7 Kxg7 25. f3 Bf5 26. Qd4+ Qf6 27. Rd1 Qxd4+ 28. Rxd4 c3 29. bxc3 Rxc3 30. g4 Be6 31. Kf2 Kf6 32. Nd3 Ke7 33. h4 Kd6 34. Ke3 Ra3 35. Rb4 Kc7 36. Kd4 Kb6 37. Ne5 Ka5 38. Nc6+ Kb6 39. a5+ 1-0


[Site "https://www.chess.com"]

[Event "Titled Tuesday Blitz August 09 Early 2022"]
[White "Ginzburg, Yakov"]
[Black "Vifleemskaia, Svetlana"]
[WhiteFideId "4157176"]
[BlackFideId "4129490"]
[WhiteElo "2265"]
[BlackElo "1929"]
[Result "1-0"]
[Round "07"]
[TimeControl "180+1"]
[Date "2022.08.09"]
[WhiteClock "0:01:03"]
[BlackClock "0:00:10"]

1. e4 e5 2. Nf3 Nc6 3. Bb5 a6 4. Bxc6 dxc6 5. O-O Ne7 6. Nxe5 Qd4 7. Nf3 Qxe4 8. Nc3 Qg6 9. Ne5 Qf5 10. Re1 Be6 11. d4 h5 12. Qe2 O-O-O 13. Be3 Nd5 14. Nxc6 bxc6 15. Qxa6+ Kd7 16. Na4 Nb4 17. Qb7 Qb5 18. Qa7 Qa6 19. d5 Qxa7 20. dxe6+ fxe6 21. Bxa7 Ra8 22. Nc5+ Kc8 23. Rxe6 Bd6 24. Rae1 Bxc5 25. Bxc5 Nd5 26. Re8+ Kb7 27. Rxh8 Rxh8 28. h4 Ra8 29. a3 Ra4 30. g3 Rc4 31. Bf8 1-0


[Site "https://www.chess.com"]

[Event "Titled Tuesday Blitz August 09 Early 2022"]
[White "Golding, Alex"]
[Black "Gardezi, Arsal"]
[WhiteFideId "427241"]
[BlackFideId "30949521"]
[WhiteElo "2029"]
[BlackElo "1781"]
[Result "1-0"]
[Round "07"]
[TimeControl "180+1"]
[Date "2022.08.09"]
[WhiteClock "0:00:30"]
[BlackClock "0:00:06"]

1. e4 c5 2. Nf3 Nc6 3. g3 e6 4. Bg2 d5 5. Nc3 Nf6 6. d3 Bd6 7. O-O O-O 8. Re1 dxe4 9. Nxe4 Nxe4 10. dxe4 Be7 11. c3 b6 12. Qe2 Bb7 13. h4 h5 14. Bf4 g6 15. e5 Re8 16. Ng5 Bf8 17. Ne4 Be7 18. Rad1 Qc7 19. Nf6+ Bxf6 20. exf6 e5 21. Bc1 Rad8 22. Rxd8 Qxd8 23. Bg5 Qd6 24. Rd1 Qc7 25. g4 hxg4 26. Qxg4 Bc8 27. Qe4 Nd8 28. h5 Ne6 29. hxg6 Nxg5 30. Qh4 fxg6 31. Qxg5 Qf7 32. Be4 Kh7 33. Kg2 Bb7 34. Bxb7 Qxb7+ 35. Kg3 Qf7 36. Rh1+ Kg8 37. Rh6 Re6 38. Rxg6+ Kf8 39. Qh6+ Ke8 40. Qh8+ Kd7 41. Rg7 Rxf6 42. Rxf7+ Rxf7 43. Qxe5 1-0


[Site "https://www.chess.com"]

[Event "Titled Tuesday Blitz August 09 Early 2022"]
[White "Gonzalez Vega, Alejandro"]
[Black "Jorquera, Marcelo"]
[WhiteFideId "3510042"]
[BlackFideId "3401197"]
[WhiteElo "2206"]
[BlackElo "2136"]
[Result "0-1"]
[Round "07"]
[TimeControl "180+1"]
[Date "2022.08.09"]
[WhiteClock "0:00:12"]
[BlackClock "0:00:19"]

1. e4 d5 2. exd5 Qxd5 3. Nc3 Qa5 4. b4 Qxb4 5. Rb1 Qd6 6. Nf3 c6 7. d4 Nf6 8. Rb3 g6 9. Ba3 Qc7 10. Be2 Bg7 11. O-O O-O 12. Re1 Re8 13. h3 Be6 14. Rb1 Nd5 15. Nxd5 Bxd5 16. c4 Be4 17. Rb3 Nd7 18. Bf1 Nf6 19. Ng5 Bf5 20. g4 Bc8 21. Rbe3 e6 22. Ne4 Nxe4 23. Rxe4 b5 24. cxb5 cxb5 25. Bxb5 Bd7 26. Bxd7 Qxd7 27. d5 exd5 28. Rxe8+ Rxe8 29. Rxe8+ Qxe8 30. Qxd5 h6 31. Kg2 Kh7 32. Bc5 Qb5 33. Qd6 Qb7+ 34. Kg3 a6 35. Bd4 Bxd4 36. Qxd4 Qh1 37. Qf6 Qg1+ 38. Kf3 Qh1+ 39. Ke2 Qe4+ 40. Kd2 Qd5+ 41. Ke3 Qxa2 42. Kf3 Qb3+ 43. Kg2 a5 44. h4 Qd5+ 45. Kg3 a4 46. g5 h5 47. f3 a3 48. Qa6 a2 49. Qa7 Kg7 50. Qa6 Qe5+ 51. Kf2 a1=Q 0-1


[Site "https://www.chess.com"]

[Event "Titled Tuesday Blitz August 09 Early 2022"]
[White "Graham, Nathaniel"]
[Black "Fernandez Hernandez, Gerardo"]
[WhiteFideId "2007983"]
[BlackFideId "2207400"]
[WhiteElo "2294"]
[BlackElo "2157"]
[Result "0-1"]
[Round "07"]
[TimeControl "180+1"]
[Date "2022.08.09"]
[WhiteClock "0:00:02"]
[BlackClock "0:00:42"]

1. e4 e6 2. Ne2 d5 3. Nec3 d4 4. Ne2 c5 5. Ng3 Nc6 6. Bb5 Ne7 7. O-O a6 8. Bxc6+ Nxc6 9. d3 Bd6 10. f4 O-O 11. a4 f5 12. Na3 b5 13. Bd2 Rb8 14. Qf3 Qc7 15. axb5 axb5 16. Rae1 Qb6 17. exf5 exf5 18. Qd5+ Kh8 19. Qxd6 Bb7 20. Qe6 Qc7 21. Qb3 Ba8 22. Re6 Na5 23. Bxa5 Qxa5 24. Rfe1 Qd8 25. Re7 Bd5 26. c4 dxc3 27. Qxc3 Rg8 28. Qxc5 b4 29. Nc4 Ba8 0-1


[Site "https://www.chess.com"]

[Event "Titled Tuesday Blitz August 09 Early 2022"]
[White "Hambleton, Aman"]
[Black "Dubov, Daniil"]
[WhiteFideId "2606577"]
[BlackFideId "24126055"]
[WhiteElo "2538"]
[BlackElo "2791"]
[Result "0-1"]
[Round "07"]
[TimeControl "180+1"]
[Date "2022.08.09"]
[WhiteClock "0:00:01"]
[BlackClock "0:00:07"]

1. d4 Nf6 2. c4 e6 3. Nc3 d5 4. cxd5 exd5 5. Bg5 c6 6. e3 h6 7. Bh4 Be7 8. Bd3 O-O 9. Qc2 Re8 10. Nge2 Nbd7 11. O-O Nh5 12. Bxe7 Qxe7 13. Rae1 Ndf6 14. Nc1 Bd7 15. f3 g6 16. Nb3 Rad8 17. Qd2 Be6 18. Bb1 Ng7 19. Nc5 Bf5 20. Nd3 Bxd3 21. Bxd3 h5 22. Qf2 Ne6 23. Rd1 a6 24. Rfe1 Rd7 25. Bc2 c5 26. dxc5 Qxc5 27. Bb3 Kg7 28. e4 dxe4 29. Nxe4 Rxd1 30. Rxd1 Nxe4 31. fxe4 Qxf2+ 32. Kxf2 Nc5 33. Bd5 Nxe4+ 34. Bxe4 Rxe4 35. Rd7 Rb4 36. b3 h4 37. Kf3 g5 38. g3 Kg6 39. Rd6+ f6 40. Rd7 Kf5 41. Rd5+ Ke6 42. Rd8 hxg3 43. hxg3 Rb6 44. Ke3 Rd6 45. Rb8 Rd7 46. Re8+ Kf5 47. Rb8 Kg4 48. Rf8 f5 0-1


[Site "https://www.chess.com"]

[Event "Titled Tuesday Blitz August 09 Early 2022"]
[White "Hoffmann, Asa"]
[Black "Hartikainen, Jarmo"]
[WhiteFideId "2001470"]
[BlackFideId "503134"]
[WhiteElo "2117"]
[BlackElo "2137"]
[Result "1-0"]
[Round "07"]
[TimeControl "180+1"]
[Date "2022.08.09"]
[WhiteClock "0:01:00"]
[BlackClock "0:00:13"]

1. d4 Nf6 2. Bg5 Ne4 3. Bf4 d5 4. f3 Nd6 5. Nc3 c6 6. e4 dxe4 7. fxe4 g6 8. Nf3 Bg7 9. Qd2 b5 10. a3 a5 11. Be2 Bb7 12. e5 b4 13. Na4 Ne4 14. Qe3 c5 15. dxc5 O-O 16. Rd1 Qc8 17. Nb6 Qc6 18. Nxa8 Bxa8 19. axb4 axb4 20. O-O Nd7 21. Rd4 Ndxc5 22. Rxb4 Rc8 23. Rc4 Qb5 24. b3 Qb6 25. Rd1 Bb7 26. h3 h5 27. Rdd4 Nc3 28. Qxc3 Na4 29. Rxc8+ Bxc8 30. Qxc8+ Kh7 31. Qd8 1-0


[Site "https://www.chess.com"]

[Event "Titled Tuesday Blitz August 09 Early 2022"]
[White "Horcajuelo Rocamora, Martin"]
[Black "Gheorghiu, Calin"]
[WhiteFideId "24573027"]
[BlackFideId "1200305"]
[WhiteElo "1882"]
[BlackElo "2168"]
[Result "0-1"]
[Round "07"]
[TimeControl "180+1"]
[Date "2022.08.09"]
[WhiteClock "0:01:25"]
[BlackClock "0:00:21"]

1. e4 c5 2. Nf3 d6 3. d4 cxd4 4. Nxd4 Nf6 5. Nc3 a6 6. Be3 e5 7. Nf3 Be7 8. Bc4 Be6 9. Bb3 O-O 10. O-O h6 11. Nd5 Nc6 12. Nxf6+ Bxf6 13. Bd5 Rc8 14. c3 b5 15. Qd3 Qc7 16. Rfd1 Rfd8 17. Qe2 Na5 18. a4 Nb3 19. axb5 Nxa1 20. Rxa1 Bxd5 21. exd5 axb5 22. Qxb5 Rb8 23. Qe2 Qb7 24. c4 Qxb2 25. Qxb2 Rxb2 26. h3 e4 27. Ne1 Rxf2 28. Kxf2 Bxa1 29. Nc2 Be5 30. Nb4 Rb8 31. Bd2 Bd4+ 32. Ke2 Bc5 33. Na6 Rb2 34. Nxc5 dxc5 35. Ke3 Kf8 36. Bc1 Rxg2 37. Ba3 Rg3+ 0-1


[Site "https://www.chess.com"]

[Event "Titled Tuesday Blitz August 09 Early 2022"]
[White "Hua, Lefong"]
[Black "Bilych, Olexiy"]
[WhiteFideId "2602253"]
[BlackFideId "14156504"]
[WhiteElo "2616"]
[BlackElo "2157"]
[Result "0-1"]
[Round "07"]
[TimeControl "180+1"]
[Date "2022.08.09"]
[WhiteClock "0:00:13"]
[BlackClock "0:00:11"]

1. d4 Nf6 2. c4 e6 3. Nc3 Bb4 4. f3 O-O 5. a3 Bxc3+ 6. bxc3 d5 7. cxd5 exd5 8. e3 Bf5 9. Bd3 Bxd3 10. Qxd3 c5 11. Ne2 Nc6 12. O-O Re8 13. Ng3 Rc8 14. Ra2 h5 15. Re2 g6 16. Bb2 h4 17. Nh1 Nh5 18. Nf2 Qe7 19. Rfe1 Qf6 20. Nh3 Rcd8 21. Rd1 Re6 22. e4 cxd4 23. cxd4 dxe4 24. fxe4 Ne5 25. Qb1 Nc4 26. Ba1 Nf4 27. Nxf4 Qxf4 28. d5 Ree8 29. Qd3 Ne5 30. Qd4 f6 31. Rf1 Qg5 32. h3 b6 33. Ref2 Rd6 34. Kh1 Kg7 35. Qd1 Re7 36. Bc3 a5 37. Bd2 Qg3 38. Qe1 Nd3 39. Qe3 Qxe3 40. Bxe3 Nxf2+ 41. Rxf2 Rxe4 42. Bc1 Re1+ 0-1


[Site "https://www.chess.com"]

[Event "Titled Tuesday Blitz August 09 Early 2022"]
[White "Ianov, Viktor"]
[Black "Zhukov, Maksim"]
[WhiteFideId "14102730"]
[BlackFideId "34181790"]
[WhiteElo "2152"]
[BlackElo "1978"]
[Result "1-0"]
[Round "07"]
[TimeControl "180+1"]
[Date "2022.08.09"]
[WhiteClock "0:01:16"]
[BlackClock "0:00:01"]

1. Nf3 d5 2. g3 Nf6 3. Bg2 Bg4 4. c4 e6 5. Ne5 Bh5 6. Qb3 Qc8 7. cxd5 exd5 8. Bxd5 Nxd5 9. Qxd5 Bd6 10. Nc3 O-O 11. d4 Qh3 12. Qxb7 Bxe5 13. dxe5 Nd7 14. Bf4 Rab8 15. Qxa7 Rxb2 16. O-O-O Rfb8 17. Qxc7 Nf8 18. Rd2 Rc8 19. Qa5 Rxd2 20. Bxd2 Qg2 21. Re1 Qxf2 22. e6 Bg6 23. e7 Ne6 24. Qb5 f6 25. Qd7 Rxc3+ 26. Bxc3 Qe3+ 27. Kb2 Qb6+ 28. Ka1 1-0


[Site "https://www.chess.com"]

[Event "Titled Tuesday Blitz August 09 Early 2022"]
[White "Ibarra Jerez, Jose Carlos"]
[Black "Bryakin, Mikhail"]
[WhiteFideId "2226332"]
[BlackFideId "4165314"]
[WhiteElo "2628"]
[BlackElo "2353"]
[Result "1-0"]
[Round "07"]
[TimeControl "180+1"]
[Date "2022.08.09"]
[WhiteClock "0:00:11"]
[BlackClock "0:00:02"]

1. Nf3 c5 2. e4 a6 3. c4 Nc6 4. d4 cxd4 5. Nxd4 Nf6 6. Nc3 g6 7. Be3 Bg7 8. Be2 O-O 9. O-O d6 10. Qd2 Bd7 11. Rfd1 Nxd4 12. Bxd4 Bc6 13. f3 Nd7 14. b4 Bxd4+ 15. Qxd4 Qb6 16. b5 axb5 17. cxb5 Ra3 18. bxc6 bxc6 19. Qxb6 Nxb6 20. Rab1 Nd7 21. Rb3 Ra5 22. Rb7 Rd8 23. a4 Kf8 24. Kf2 Nc5 25. Rb4 Rda8 26. Rc1 Nxa4 27. Nxa4 Rxa4 28. Rxa4 Rxa4 29. Rxc6 h5 30. h4 Ra3 31. Rc2 Kg7 32. Bc4 Kf6 33. Ke2 Ra4 34. Ke3 Ra3+ 35. Bd3 Ra1 36. g3 Re1+ 37. Be2 Rg1 38. Kf2 Ra1 39. Rd2 Rc1 40. f4 Rc3 41. Rd5 Ra3 42. e5+ dxe5 43. Rxe5 e6 44. Re3 Ra2 45. Rc3 Rb2 46. Ke3 Rb7 47. Bf3 Ra7 48. Rb3 Rc7 49. Be4 Ra7 50. Kd4 Rd7+ 51. Kc5 Rd2 52. Rd3 Re2 53. Bc6 Re1 54. Kd6 Rg1 55. Be4 Re1 56. Bc6 Rg1 57. Kd7 Rc1 58. Re3 Kg7 59. Be4 Kf6 60. Rb3 Re1 61. Bc2 Re2 62. Rc3 e5 63. fxe5+ Rxe5 64. Rf3+ Kg7 65. Bb3 f6 66. Be6 g5 67. hxg5 fxg5 68. Ke7 Re1 69. Rf7+ Kg6 70. Rf8 h4 71. Rg8+ Kh7 72. Rxg5 hxg3 73. Rxg3 Kh6 74. Kf6 Rf1+ 75. Bf5 Rh1 76. Rg8 Rg1 77. Rh8# 1-0


[Site "https://www.chess.com"]

[Event "Titled Tuesday Blitz August 09 Early 2022"]
[White "Ismayil, Malak"]
[Black "Garrido, Denis"]
[WhiteFideId "13412604"]
[BlackFideId "601217"]
[WhiteElo "1879"]
[BlackElo "2343"]
[Result "1-0"]
[Round "07"]
[TimeControl "180+1"]
[Date "2022.08.09"]
[WhiteClock "0:01:44"]
[BlackClock "0:01:34"]

1. e4 e5 2. Nf3 Nc6 3. Bc4 Nf6 4. d3 Bc5 5. O-O d6 6. h3 a6 7. Nc3 h6 8. Be3 Bxe3 9. fxe3 Na5 10. Bb3 O-O 11. Qe1 c6 12. Rd1 Re8 13. Nh4 Nxb3 14. axb3 Kh7 15. Nf5 g6 16. Ng3 Kg7 17. Qf2 Qe7 18. Rde1 Rf8 19. Qf3 Nh7 20. Rf2 b5 21. Ref1 Ng5 22. Qe2 Ne6 23. Nf5+ gxf5 24. exf5 Qg5 25. fxe6 Bxe6 26. Ne4 Qh4 27. Nxd6 1-0


[Site "https://www.chess.com"]

[Event "Titled Tuesday Blitz August 09 Early 2022"]
[White "Janaszak, Dawid"]
[Black "Mikhnenko, Alexander"]
[WhiteFideId "1119206"]
[BlackFideId "34143014"]
[WhiteElo "2165"]
[BlackElo "2134"]
[Result "1-0"]
[Round "07"]
[TimeControl "180+1"]
[Date "2022.08.09"]
[WhiteClock "0:00:30"]
[BlackClock "0:00:05"]

1. Nc3 Nf6 2. e4 d6 3. d4 g6 4. Bf4 Bg7 5. Qd2 O-O 6. Bh6 c5 7. Nge2 Nc6 8. Bxg7 Kxg7 9. h3 cxd4 10. Nxd4 Bd7 11. Nde2 Ne5 12. Nf4 b5 13. Be2 b4 14. Ncd5 Nxe4 15. Qxb4 Nc5 16. O-O Rb8 17. Qa3 e6 18. Ne3 Qf6 19. g3 Nc6 20. Rad1 Qxb2 21. Qxb2+ Rxb2 22. Rxd6 Be8 23. Bc4 Ne4 24. Rdd1 Nc3 25. Rd6 Ne5 26. Bxe6 fxe6 27. Nxe6+ Kf7 28. Nxf8 Kxf8 29. Ra6 Bc6 30. f4 Nf3+ 31. Kg2 Nd4+ 32. Kh2 Nxc2 33. Nc4 Rxa2 34. Rxc6 Ne3+ 35. Kg1 Ne2+ 36. Kf2 Nxf1 37. Kxf1 Nxg3+ 38. Ke1 a5 39. Rc7 Kg8 40. Ne5 a4 41. Ng4 Ne4 42. Re7 h5 43. Nh6+ Kh8 44. Rxe4 Ra3 45. Nf7+ Kg7 46. Ng5 Ra1+ 47. Kf2 Kf6 48. Rb4 Kf5 49. Nf3 Ra2+ 50. Kg3 Ra3 51. Rb5+ Kf6 52. Ra5 Ra1 53. Kf2 a3 54. Nd2 a2 55. Ne4+ Kg7 56. Kg2 Re1 57. Ra7+ Kg8 58. Nf6+ Kf8 59. Rxa2 Kf7 60. Nh7 Kg7 61. Ng5 Kf6 62. Ra5 Rb1 63. Ne4+ Ke6 64. Re5+ Kf7 65. Kg3 Rb3+ 66. Kh4 Rf3 67. Ng5+ Kf6 68. Nxf3 g5+ 69. Rxg5 Ke6 70. Kxh5 1-0


[Site "https://www.chess.com"]

[Event "Titled Tuesday Blitz August 09 Early 2022"]
[White "Jeet, Jain"]
[Black "Terrieux, Kevin"]
[WhiteFideId "5073022"]
[BlackFideId "622591"]
[WhiteElo "2055"]
[BlackElo "2461"]
[Result "1/2-1/2"]
[Round "07"]
[TimeControl "180+1"]
[Date "2022.08.09"]
[WhiteClock "0:00:12"]
[BlackClock "0:00:04"]

1. b3 d5 2. Bb2 Bg4 3. d3 Nd7 4. Nd2 Ngf6 5. Ngf3 e6 6. g3 c6 7. Bg2 Bd6 8. O-O O-O 9. h3 Bh5 10. g4 Bg6 11. Nh4 e5 12. Nxg6 fxg6 13. e3 g5 14. c4 Qe7 15. Nf3 h6 16. Qc2 Rf7 17. d4 e4 18. Nd2 h5 19. gxh5 g4 20. Qd1 Qe6 21. hxg4 Nxg4 22. Bh3 Ndf6 23. Qe2 Qf5 24. f3 exf3 25. Rxf3 Qxh5 26. Raf1 Ne4 27. Nxe4 dxe4 28. Rxf7 Qxh3 29. R7f4 Nxe3 30. Bc1 Nxf1 31. Rxf1 Qg3+ 32. Qg2 Qxg2+ 33. Kxg2 Re8 34. Kf2 Rf8+ 35. Ke2 Rxf1 36. Kxf1 Kf7 37. Ke2 Ke6 38. Ke3 Kf5 39. Bb2 Bf4+ 40. Ke2 g5 41. d5 cxd5 42. cxd5 e3 43. Bd4 Ke4 44. Bxa7 Kxd5 45. Bxe3 Ke4 46. Bc5 g4 47. a4 g3 48. a5 Be5 49. b4 Kd5 50. Kf3 Bd4 51. Bxd4 Kxd4 52. b5 Kc5 53. a6 bxa6 54. bxa6 Kb6 55. Kxg3 Kxa6 1/2-1/2


[Site "https://www.chess.com"]

[Event "Titled Tuesday Blitz August 09 Early 2022"]
[White "Jiganchine, Roman"]
[Black "Jaskolka, Tomasz"]
[WhiteFideId "2603667"]
[BlackFideId "1170791"]
[WhiteElo "2296"]
[BlackElo "2073"]
[Result "0-1"]
[Round "07"]
[TimeControl "180+1"]
[Date "2022.08.09"]
[WhiteClock "0:00:03"]
[BlackClock "0:00:59"]

1. Nf3 d5 2. e3 Bf5 3. c4 dxc4 4. Bxc4 e6 5. Qb3 Qc8 6. d4 Nf6 7. Nc3 c6 8. O-O Nbd7 9. Re1 Nb6 10. Bf1 Be7 11. h3 h6 12. e4 Bg6 13. Bf4 O-O 14. Rad1 Qd7 15. Ne5 Qc8 16. Nxg6 fxg6 17. Bh2 Kh7 18. a4 Qd7 19. a5 Nc8 20. d5 exd5 21. exd5 Nxd5 22. Nxd5 cxd5 23. Rxd5 Qc6 24. Be2 Qf6 25. Bf3 Nd6 26. Be5 Qe6 27. Bc3 Qf7 28. Qd1 Nf5 29. Rd7 Rad8 30. Rxd8 Rxd8 31. Qe2 b6 32. a6 Bc5 33. Qe6 Qc7 34. Qe5 Qd7 35. Qe6 Qd3 36. Qe4 Qxa6 37. Bg4 Qd3 38. Qxd3 Rxd3 39. Bxf5 gxf5 40. Re6 a5 41. Rc6 Rd7 42. Bxa5 Rd1+ 43. Kh2 Bd6+ 44. Rxd6 Rxd6 45. Bc3 g6 46. f4 Rd5 47. Kg3 h5 48. Kf2 Kg8 49. Ke3 Kf7 50. g3 Ke6 51. Kf3 Rd3+ 52. Kf2 Kd5 0-1


[Site "https://www.chess.com"]

[Event "Titled Tuesday Blitz August 09 Early 2022"]
[White "Kamsky, Gata"]
[Black "Bharath Subramaniyam H"]
[WhiteFideId "2000024"]
[BlackFideId "46634827"]
[WhiteElo "2666"]
[BlackElo "2346"]
[Result "1-0"]
[Round "07"]
[TimeControl "180+1"]
[Date "2022.08.09"]
[WhiteClock "0:00:12"]
[BlackClock "0:00:02"]

1. d4 Nf6 2. Nf3 e6 3. Bf4 c5 4. e3 d5 5. c3 Bd6 6. Bb5+ Nc6 7. Bxc6+ bxc6 8. Bxd6 Qxd6 9. Qa4 cxd4 10. cxd4 O-O 11. Nbd2 a5 12. O-O Bd7 13. Qc2 Rfb8 14. b3 a4 15. Rfc1 axb3 16. Nxb3 Ne4 17. Nfd2 Nxd2 18. Qxd2 Qa3 19. h3 h6 20. Nc5 Be8 21. Rc3 Qa5 22. a4 Rb4 23. Rb3 Rxa4 24. Rxa4 Qxd2 25. Rxa8 Qe1+ 26. Kh2 Qxf2 27. Rxe8+ Kh7 28. Re7 h5 29. Rbb7 h4 30. Rxf7 Qg3+ 31. Kg1 Qe1+ 32. Rf1 Qxe3+ 33. Kh1 Kh6 34. Re7 Qxd4 35. Rxe6+ Kh5 36. Rc1 Qf4 37. Ree1 g5 38. Nd3 Qd2 39. Ne5 c5 40. Nf3 Qf2 41. Re5 d4 42. Rxg5+ Kh6 43. Rgxc5 d3 44. Rd5 Qe3 45. Rd1 Qf4 46. R5xd3 Kg6 47. Rd4 Qe3 48. Rxh4 Kf6 49. Rg4 Qf2 50. Rf4+ Kg7 51. Rg4+ Kf6 52. h4 Qe2 53. Rdd4 Qf1+ 54. Kh2 Qb1 55. Rdf4+ Ke6 56. h5 Qb5 57. Rg6+ Ke7 58. Rg5 Qb1 59. h6 Qc1 60. Rh4 Qc7+ 61. Rg3 Qc3 62. h7 Qh8 63. Rg8 1-0


[Site "https://www.chess.com"]

[Event "Titled Tuesday Blitz August 09 Early 2022"]
[White "Karttunen, Mika"]
[Black "Carlsson, Ludvig"]
[WhiteFideId "502081"]
[BlackFideId "1727010"]
[WhiteElo "2343"]
[BlackElo "2195"]
[Result "1-0"]
[Round "07"]
[TimeControl "180+1"]
[Date "2022.08.09"]
[WhiteClock "0:00:19"]
[BlackClock "0:00:04"]

1. d4 e6 2. c4 d5 3. Nc3 Nf6 4. cxd5 exd5 5. Bg5 c6 6. e3 h6 7. Bh4 Bf5 8. Qf3 Bg6 9. Bxf6 Qxf6 10. Qxf6 gxf6 11. Nge2 Bd6 12. g3 a5 13. Nf4 Nd7 14. Kd2 h5 15. h4 Ke7 16. Bd3 Bxd3 17. Kxd3 Bxf4 18. gxf4 Rhg8 19. Ne2 Rg2 20. Raf1 Nb6 21. Ng3 Rh8 22. Ke2 Rg8 23. Kf3 R8xg3+ 24. fxg3 Rc2 25. Rc1 Rxc1 26. Rxc1 f5 27. Rc5 a4 28. Ra5 Kd6 29. Ke2 Kc7 30. Kd3 Kb8 31. b3 axb3 32. axb3 Kc7 33. Kc3 Kb8 34. Kb4 Kc7 35. Ra1 Nd7 36. Ra8 Nb8 37. Ka4 Kc8 38. Ra7 Kc7 39. Ka5 Nd7 40. Ra8 Nb8 41. Kb4 Na6+ 42. Kc3 Nb8 43. b4 Kc8 44. b5 cxb5 45. Kb4 b6 46. Kxb5 Kb7 47. Ra2 Nc6 48. Rc2 Na7+ 49. Kb4 Nc6+ 50. Ka4 Ne7 51. Kb5 Nc8 52. Rxc8 Kxc8 53. Kxb6 Kd7 54. Kc5 Ke6 55. Kc6 f6 56. Kc5 1-0


[Site "https://www.chess.com"]

[Event "Titled Tuesday Blitz August 09 Early 2022"]
[White "Khripachenko, Alexander"]
[Black "Rohith Krishna S"]
[WhiteFideId "54184975"]
[BlackFideId "46617051"]
[WhiteElo "2233"]
[BlackElo "2118"]
[Result "1/2-1/2"]
[Round "07"]
[TimeControl "180+1"]
[Date "2022.08.09"]
[WhiteClock "0:01:23"]
[BlackClock "0:01:01"]

1. e4 e6 2. d4 d5 3. Nd2 c5 4. Ngf3 cxd4 5. exd5 Qxd5 6. Bc4 Qd8 7. O-O Nc6 8. Nb3 Nf6 9. Nbxd4 Nxd4 10. Nxd4 Bc5 11. Be3 O-O 12. c3 Bb6 13. Re1 Nd5 14. Bd2 Qh4 15. g3 Qf6 16. Qe2 Bxd4 17. cxd4 Qxd4 18. Rad1 Qxb2 19. Qf3 Qf6 20. Bxd5 exd5 21. Qxf6 gxf6 22. Bc3 Be6 23. Bxf6 Rfc8 24. f4 Rc5 25. Re5 Rc6 26. f5 Bd7 27. Rdxd5 Rxf6 28. Rxd7 Rb8 29. g4 h6 30. Ree7 Rc8 31. Rxb7 Rc2 32. Rxa7 Rd6 33. Rad7 Rb6 34. Rb7 Rd6 35. Red7 Rf6 36. a4 Ra2 37. h3 Rc6 38. Rbc7 Rb6 39. Rb7 Rc6 40. Rdc7 Rd6 41. Rd7 Rc6 1/2-1/2


[Site "https://www.chess.com"]

[Event "Titled Tuesday Blitz August 09 Early 2022"]
[White "Kilic, Eray"]
[Black "Gil Alba, Hector Luis"]
[WhiteFideId "44517173"]
[BlackFideId "3504670"]
[WhiteElo "1776"]
[BlackElo "2331"]
[Result "1-0"]
[Round "07"]
[TimeControl "180+1"]
[Date "2022.08.09"]
[WhiteClock "0:00:16"]
[BlackClock "0:00:06"]

1. e4 c5 2. Nf3 Nc6 3. Bb5 e6 4. O-O Nge7 5. Re1 a6 6. Bf1 d5 7. exd5 Nxd5 8. Nc3 Be7 9. d4 O-O 10. Nxd5 Qxd5 11. c4 Qd8 12. Be3 cxd4 13. Nxd4 Bd7 14. Qb3 Nxd4 15. Bxd4 Bc6 16. Rad1 Qa5 17. a3 Ba4 18. Qg3 Qg5 19. Rd3 Qxg3 20. Rxg3 g6 21. Bc3 Rac8 22. Bd3 Bb3 23. Be4 Bxc4 24. Bxb7 Rcd8 25. Be4 Rd7 26. Bc2 Rc8 27. h3 Bf8 28. Rg4 Bb5 29. a4 Bc6 30. Bb3 Bg7 31. Bxg7 Kxg7 32. Bc4 a5 33. b3 Rb8 34. Re5 Bd5 35. Rd4 Rbd8 36. f4 h6 37. Kf2 Bxc4 38. Rxc4 Rd2+ 39. Re2 R2d3 40. b4 axb4 41. Rxb4 R8d4 42. Reb2 Rxb4 43. Rxb4 Ra3 44. Rc4 Kf6 45. g3 g5 46. fxg5+ hxg5 47. Kg2 Kg6 48. Rb4 f5 49. Rb6 Kf6 50. Ra6 f4 51. gxf4 gxf4 52. Ra8 e5 53. a5 e4 54. a6 Ra2+ 55. Kf1 f3 56. a7 1-0


[Site "https://www.chess.com"]